 Dungeon Crawl Stone Soup version 0.25.1-11-g244df3a29b (webtiles) character file.

Game seed: 1017630068049465848

35 porpoise the Shooter (level 3, -2/30 HPs)
             Began as a Centaur Hunter on Apr 12, 2024.
             Slain by an ogre
             ... wielding a +0 giant club
              (13 damage)
             ... on level 2 of the Dungeon.
             The game lasted 00:03:27 (1339 turns).

porpoise the Shooter (Centaur Hunter)               Turns: 1339, Time: 00:03:28

Health: -2/30      AC:  4    Str: 14    XL:     3   Next: 16%
Magic:  3/3        EV:  9    Int: 10    God:
Gold:   84         SH:  0    Dex: 10    Spells: 2/2 levels left

rFire    . . .     SeeInvis .   a - +1 shortbow
rCold    . . .     Gourm    .   (shield currently unavailable)
rNeg     . . .     Faith    .   l - +0 leather armour (curse)
rPois    .         Spirit   .   (no helmet)
rElec    .         Reflect  .   (no cloak)
rCorr    .         Harm     .   (no gloves)
MR       .....                  (no barding)
Stlth    +.........             (no amulet)
HPRegen  0.10/turn              (no ring)
MPRegen  0.08/turn              (no ring)

@: very quick
A: large, hooves 3, deformed body, speed 2, tough skin 3
a: no special abilities


You were on level 2 of the Dungeon.
You were not hungry.

You visited 1 branch of the dungeon, and saw 2 of its levels.

You collected 84 gold pieces.

Inventory:

Hand Weapons
 a - a +1 shortbow (weapon)
 b - a +0 short sword
Missiles
 d - 20 arrows (quivered)
 g - 4 javelins
Armour
 l - a cursed +0 leather armour (worn)
Scrolls
 h - 3 scrolls of remove curse {unknown}
 j - a scroll of immolation {unknown}
 k - 2 scrolls of noise {unknown}
 m - a scroll of blinking {unknown}
Potions
 e - a potion of lignification {unknown}
 i - 2 potions of curing {unknown}
Comestibles
 c - 3 chunks of flesh
 f - 5 rations


   Skills:
 + Level 2.4 Fighting
 * Level 6.4 Bows
 - Level 1.4 Dodging
 - Level 0.4 Stealth


You had 2 spell levels left.
You didn't know any spells.
Your spell library was empty.

Dungeon Overview and Level Annotations

Branches:
Dungeon (2/15)

Altars:


Innate Abilities, Weirdness & Mutations

You have hooves in place of feet.
Armour fits poorly on your strangely shaped body.
You cover ground very quickly.
You have extremely tough skin. (AC +3)


Message History

Press: ? - help, Shift-Dir - straight line, f/p - ogre
Aim: an ogre, wielding a +0 giant club (lightly wounded)
You shoot an arrow. The arrow hits the ogre!
The ogre is heavily wounded.
The ogre hits you with a +0 giant club!!
Ouch! That really hurt!
You are too injured to fight recklessly!
You are too injured to fight recklessly!
You are too injured to fight recklessly!
Really attack while wielding your +1 shortbow? [Y]es or [N]o only, please.
Really attack while wielding your +1 shortbow? [Y]es or [N]o only, please.
Really attack while wielding your +1 shortbow? [Y]es or [N]o only, please.
Really attack while wielding your +1 shortbow?
You barely miss the ogre. You kick the ogre.
The ogre is severely wounded.
The ogre hits you with a +0 giant club!
You die...

####..#...#
#.##...§≈§§≈.≈
8 #..#...#
#..'...§.§..§
## .......#
####...§≈≈§§. #
#####..>#
#...≈###≈.≈ #
.### #..§≈# ≈.§
8 ..
####.≈###≈§≈ #
#....≈≈≈≈§
#.#..§§...
#@#..§§≈§§.≈
#.(O.#.§§###≈.≈
#.####..≈# ≈.≈
# #..§# .≈
#..≈≈ #.....


You could see an ogre.

Vanquished Creatures
  An adder (D:2)
  An ooze (D:1)
  A leopard gecko (D:2)
  5 bats
  3 giant cockroaches
  A hobgoblin (D:1)
  A quokka (D:2)
  3 frilled lizards (D:1)
  2 goblins
  4 rats
22 creatures vanquished.

Notes
Turn   | Place    | Note
-------+----------+-------------------------------------------
     0 | D:1      | porpoise the Centaur Hunter began the quest for the Orb.
     0 | D:1      | Reached XP level 1. HP: 17/17 MP: 1/1
   514 | D:1      | Reached XP level 2. HP: 24/24 MP: 2/2
   607 | D:1      | Reached skill level 6 in Bows
  1282 | D:2      | Reached XP level 3. HP: 28/30 MP: 3/3
  1336 | D:2      | Noticed an ogre
  1339 | D:2      | Slain by an ogre

Illustrated notes

Levels and vault maps discovered:
D:1:      psy_arrival_wood_between_worlds, layout_loops_corners
D:2:      minmay_evil_eye, layout_basic, chequers_serial_rivers_micro_e,
          corexii_hall_statues_t, kennysheep_boxes

Skill      XL: |  1  2 |
---------------+-------+-----
Bows           | 6 |  6.4
Fighting       | |  2.4
Dodging        | |  1.4
Stealth        | |  0.4

Action                   || total
-------------------------++-------
Melee: Shortbow          ||     1
       Kick              ||     1
 Fire: Shortbow          ||   101
Armor: Leather armour    ||    13
Dodge: Dodged            ||    21
